 Dungeon Crawl Stone Soup version 0.18.1-8-gdd0e5ea (webtiles) character file.

485 Romlok the Cudgeler (level 7, 0/40 HPs)
             Began as a Tengu Enchanter on May 21, 2016.
             Slain by a giant newt (2 damage)
             ... on level 5 of the Dungeon.
             The game lasted 00:38:50 (3796 turns).

Romlok the Cudgeler (Tengu Enchanter)               Turns: 3796, Time: 00:38:50

Health: 0/40       AC:  3    Str: 10    XL:     7   Next: 13%
Magic:  0/11       EV:  6    Int: 15    God:
Gold:   268        SH:  0    Dex: 15    Spells: 2 memorised, 7 levels left

rFire  . . .     SeeInvis .     a - +1 flail
rCold  . . .     Gourm    .     A - +1 robe
rNeg   . . .     Faith    .     o - +0 buckler
rPois  .         Spirit   +     (helmet restricted)
rElec  .         Dismiss  .     (no cloak)
rCorr  .         Reflect  .     (no gloves)
SustAt .         Harm     .     (boots unavailable)
MR     .....                    v - amulet of guardian spirit
Stlth  ++........               (no ring)
                                h - +3 ring of slaying

@: held, not resistant to hostile enchantments, unstealthy
A: beak, talons 3, able to fly 1
a: Fly


You were on level 5 of the Dungeon.
You were not hungry.

You visited 1 branch of the dungeon, and saw 5 of its levels.
You also visited: Sewer.

You collected 268 gold pieces.

Inventory:

Hand Weapons
 a - a +1 flail (weapon)
 b - a +0 blowgun
 p - a +1 dagger
Missiles
 i - 157 stones (quivered)
 k - 6 needles of frenzy
 B - 14 poisoned needles
Armour
 o - a +0 buckler (worn)
 r - a +0 leather armour
 t - a +0 shield
 A - a +1 robe (worn)
Magical Staves
 l - an uncursed staff of summoning
Jewellery
 h - a +3 ring of slaying (left hand)
 v - an amulet of guardian spirit (around neck)
Scrolls
 f - a scroll of remove curse
 g - a scroll of recharging
 m - a scroll of enchant armour {unknown}
 s - a scroll of identify
 u - a scroll of amnesia
 x - a scroll of teleportation {unknown}
Potions
 w - a potion of curing
 C - a potion of might
 E - a potion of cancellation {unknown}
Books
 c - a book of Maledictions

   Spells                             Type                      Level
   a - Corona                         Hexes                        1
   b - Ensorcelled Hibernation        Hexes/Ice                    2
   c - Confuse                        Hexes                        3
   d - Tukima's Dance                 Hexes                        3
   e - Dazzling Spray                 Conjuration/Hexes            3
 n - a book of Air

   Spells                             Type                      Level
   a - Shock                          Conjuration/Air              1
   b - Swiftness                      Charms/Air                   2
   c - Repel Missiles                 Charms/Air                   2
   d - Static Discharge               Conjuration/Air              3
   e - Lightning Bolt                 Conjuration/Air              5
Comestibles
 d - 4 bread rations
 j - 4 meat rations
 q - a slice of pizza
 D - 3 fruits


   Skills:
 - Level 2.2 Fighting
 - Level 1.1 Short Blades
 * Level 5.0 Maces & Flails
 + Level 2.1 Armour
 - Level 2.1 Dodging
 - Level 3.0 Stealth
 - Level 4.0 Shields
 - Level 2.0 Spellcasting
 - Level 2.1 Hexes


You had 7 spell levels left.
You knew the following spells:

 Your Spells              Type           Power        Failure   Level  Hunger
a - Corona                Hex            #......      12%         1    #......
b - Repel Missiles        Chrm/Air       #.....       34%         2    ###....


Dungeon Overview and Level Annotations

Branches:
Dungeon (5/15)
 Temple: D:4-7

Altars:
Elyvilon
Gozag
Qazlal
Sif Muna
Xom
The Shining One

Shops:
D:4 ?

Annotations:
D:4 Dowan, Duvessa, Sigmund
D:5 Prince Ribbit


Innate Abilities, Weirdness & Mutations

You have a beak for a mouth.
You have claws for feet.
You can fly.


Message History

The gnoll hits you from afar with a spear.
You struggle against the net.
The gnoll hits you with an enchanted flail.
The gnoll hits you from afar with a spear!
You try to slip out of the net.
Prince Ribbit blinks!
The giant newt bites you but does no damage.
The gnoll hits you from afar with a halberd!!
* * * LOW HITPOINT WARNING * * *
The gnoll hits you from afar with a spear.
* * * LOW HITPOINT WARNING * * *
The gnoll hits you but does no damage.
Drink which item? (? for menu, Esc to quit)
Okay, then.
Read which item? (? for menu, Esc to quit)
As you read the scroll labeled REMO LUKACEI, it crumbles to dust.
You hear a loud clanging noise!
It was a scroll of noise.
You hear a shout!
The giant newt bites you.
You die...

# ... .# ... ...
..F. .... .....
.....
.....#######......
...ยง.g...........
##.gl..........
#.gg@...#+###.
#.......#
#.......#
#.......#
#.......#
#.......#
#########


You could see Prince Ribbit, 4 gnolls and a giant newt.

Vanquished Creatures
  Purgy (Sewer)
  A crimson imp (D:3)
  A centaur skeleton (D:4)
  A hound (D:4)
  2 worker ants (D:4)
  4 gnolls
  12 adders
  An ooze (D:1)
  4 worms
  2 dart slugs
  4 giant geckos
  6 bats
  10 giant cockroaches
  9 goblins
  5 hobgoblins
  9 jackals
  8 kobolds
  A ball python (D:2)
  5 giant newts
  7 rats
93 creatures vanquished.

Vanquished Creatures (others)
  A ghoul (D:1)
  An octopode (D:1)
  A gargoyle (D:1)
  An elf (D:1)
  A formicid (D:1)
  2 spriggans (D:1)
  3 humans (D:1)
  2 dwarves (D:1)
  An ogre (D:1)
  An orc (D:1)
  A kobold (D:1)
  6 tentacles (D:1)
  124 tentacle segments (D:1)
145 creatures vanquished.

Grand Total: 238 creatures vanquished

Notes
Turn   | Place    | Note
--------------------------------------------------------------
     0 | D:1      | Romlok the Tengu Enchanter began the quest for the Orb.
     0 | D:1      | Reached XP level 1. HP: 10/10 MP: 4/4
     2 | D:1      | Noticed a ghoul
     2 | D:1      | Noticed a dwarf
     2 | D:1      | Noticed a gargoyle
     2 | D:1      | Noticed a human
     2 | D:1      | Noticed an octopode
     2 | D:1      | Noticed a kraken
     2 | D:1      | Noticed a human
     2 | D:1      | Noticed a spriggan
     2 | D:1      | Noticed an elf
     2 | D:1      | Noticed a formicid
     2 | D:1      | Noticed an ogre
     2 | D:1      | Noticed a dwarf
     2 | D:1      | Noticed a human
     2 | D:1      | Noticed a spriggan
     3 | D:1      | Killed a dwarf
     3 | D:1      | Killed a dwarf
     6 | D:1      | Killed an ogre
     7 | D:1      | Killed a spriggan
     7 | D:1      | Killed a human
     8 | D:1      | Killed a gargoyle
    11 | D:1      | Killed a ghoul
    12 | D:1      | Killed a human
    12 | D:1      | Killed an elf
    13 | D:1      | Killed an octopode
    13 | D:1      | Killed a human
    14 | D:1      | Killed a formicid
    14 | D:1      | Killed a spriggan
    68 | D:1      | Reached skill level 1 in Fighting
   197 | D:1      | Reached skill level 1 in Maces & Flails
   197 | D:1      | Reached XP level 2. HP: 16/16 MP: 4/6
   690 | D:2      | Reached skill level 2 in Maces & Flails
   732 | D:2      | Reached XP level 3. HP: 19/20 MP: 7/7
  1021 | D:2      | Reached skill level 1 in Shields
  1067 | D:2      | Reached XP level 4. HP: 23/26 MP: 6/8
  1988 | D:2      | Found a glowing golden altar of the Shining One.
  2066 | D:3      | Found a white marble altar of Elyvilon.
  2082 | D:3      | Found an opulent altar of Gozag.
  2177 | D:3      | Reached skill level 3 in Maces & Flails
  2177 | D:3      | Gained mutation: You can fly. [Tengu growth]
  2177 | D:3      | Reached XP level 5. HP: 29/30 MP: 7/9
  2565 | D:3      | Learned a level 2 spell: Repel Missiles
  2649 | D:4      | Noticed Dowan
  2661 | D:4      | Reached XP level 6. HP: 30/35 MP: 8/10
  2678 | D:4      | Found a stormy altar of Qazlal.
  2686 | D:4      | Found a shimmering altar of Xom.
  2708 | D:4      | Found Buz Cou's Magic Scroll Shop.
  2720 | D:4      | Reached skill level 4 in Maces & Flails
  2760 | D:4      | Reached skill level 1 in Armour
  2797 | D:4      | Found a glowing drain.
  2922 | Sewer    | Entered a sewer
  2939 | Sewer    | Noticed Purgy
  2948 | Sewer    | Killed Purgy
  3318 | D:4      | Reached XP level 7. HP: 35/40 MP: 8/11
  3470 | D:4      | Found a deep blue altar of Sif Muna.
  3586 | D:4      | Noticed Duvessa
  3703 | D:4      | Noticed Sigmund
  3779 | D:5      | Entered Level 5 of the Dungeon
  3782 | D:5      | Reached skill level 5 in Maces & Flails
  3791 | D:5      | Noticed Prince Ribbit
  3795 | D:5      | HP: 1/40 [gnoll/spear (3)]
  3796 | D:5      | Slain by a giant newt

Skill      XL: |  1  2  3  4  5  6  7 |
---------------+----------------------+-----
Fighting       | 1 2 |  2.2
Maces & Flails | 1 2 3 4 5 |  5.0
Shields        | 1 2 3 4 |  4.0
Armour         | 1 2 |  2.1
Short Blades   | |  1.1
Dodging        | |  2.1
Stealth        | |  3.0
Spellcasting   | |  2.0
Hexes          | |  2.1

Action                   |  1- 3 |  4- 6 |  7- 9 || total
-------------------------+-------+-------+-------++-------
Melee: Dagger            |    44 |       |       ||    44
       Kick              |     8 |    23 |     6 ||    37
       Peck              |     8 |    21 |     3 ||    32
       Flail             |    16 |   111 |    18 ||   145
Throw: Stone             |       |    16 |       ||    16
 Cast: Corona            |     4 |    12 |     1 ||    17
 Abil: Fly               |       |     1 |     1 ||     2
  Use: Scroll            |       |     7 |     2 ||     9
       Potion            |       |     4 |     3 ||     7
 Stab: Sleeping          |     6 |    10 |     2 ||    18
       Distracted        |       |     1 |       ||     1
  Eat: Chunk             |       |     8 |     2 ||    10
Armor: Robe              |     9 |    14 |     4 ||    27
Dodge: Dodged            |    24 |    56 |     9 ||    89
Block: Buckler           |     3 |    22 |     3 ||    28
